 Dungeon Crawl Stone Soup version 0.32-a0-791-gfc315c9ecd (webtiles) character file.

Game seed: 11347455602336552285

1309 Kenran the Grappler (level 8, -1/57 (63) HPs)
             Began as a Minotaur Alchemist on Mar 20, 2024.
             Was a Follower of Wu Jian.
             Slain by a wight
             ... wielding a +5 short sword
              (6 damage)
             ... on level 6 of the Dungeon.
             The game lasted 00:10:44 (5256 turns).

Kenran the Grappler (Minotaur Alchemist)            Turns: 5256, Time: 00:10:45

HP:   -1/57 (63)    AC:  8    Str: 14    XL:     8   Next: 32%
MP:   9/9           EV:  8    Int: 11    God:    Wu Jian [*.....]
Gold: 140           SH:  4    Dex: 15    Spells: 8/9 levels left

rFire   . .          .
                       - Unarmed
rCold   . . .        x - +0 buckler
rNeg    . . .        u - +0 scale mail
rPois   +            i - +1 hat
rElec   .            (no cloak)
rCorr   .            (no gloves)
SInv    .            (no boots)
Will    ++...        (no amulet)
Stlth   +            g - ring of willpower
HPRegen 0.29/turn    m - ring of poison resistance
MPRegen 0.11/turn

%: no passive effects
@: drained
A: horns 2, retaliatory headbutt, agile 1, strong-willed 1, shaggy fur 1
a: Renounce Religion


You were on level 6 of the Dungeon.
You worshipped Wu Jian.
Wu Jian was aware of your devotion.
You visited 2 branches of the dungeon, and saw 7 of its levels.
You also visited: Sewer.

You collected 185 gold pieces.
You spent 45 gold pieces at shops.

Inventory:

Missiles
 h - 3 curare-tipped darts
Armour
 i - a +1 hat (worn)
 u - a +0 scale mail (worn)
 x - a +0 buckler (worn)
Jewellery
 f - a ring of flight
 g - a ring of willpower (left hand)
 m - a ring of poison resistance (right hand)
Wands
 e - a wand of flame (22)
Scrolls
 a - a scroll of fog
 l - a scroll of enchant armour {unknown}
 n - a scroll of revelation {unknown}
 o - a scroll of teleportation {unknown}
 r - a scroll of fear {unknown}
 t - a scroll of brand weapon
 w - a scroll of enchant weapon
Potions
 b - a potion of magic
 c - a potion of cancellation
 d - a potion of enlightenment
 j - a potion of attraction {unknown}
 k - 2 potions of brilliance
 p - a potion of mutation {!q}
 q - a potion of lignification {unknown}
 v - a potion of resistance {unknown}


   Skills:
 + Level 3.3 Fighting
 + Level 3.3 Armour
 - Level 2.1 Dodging
 - Level 1.5 Stealth
 - Level 10.0 Unarmed Combat
 - Level 1.3 Spellcasting
 - Level 0.6 Conjurations
 - Level 2.1 Alchemy


You had 8 spell levels left.
You knew the following spells:

 Your Spells              Type           Power      Damage    Failure   Level
a - Sting                 Conj/Alch      12%        1d3       71%         1

Your spell library contained the following spells:

 Spells                   Type           Power      Damage    Failure   Level
 Magic Dart               Conj           8%         1d3       80%         1
 Mercury Vapours          Alch/Air       6%         N/A       86%         2
 Necrotise                Necr           0%         1d4       87%         1
 Searing Ray              Conj           4%         2d4       91%         2
 Mephitic Cloud           Conj/Alch/Air  2%         N/A       98%         3
 Vampiric Draining        Necr           0%         2d6       99%         3
 Fulminant Prism          Conj/Alch      1%         3d5       100%        4
 Martyr's Knell           Necr/Summ      0%         N/A       100%        4
 Olgreb's Toxic Radiance  Alch           5%         N/A       100%        4
 Sticky Flame             Fire/Alch      3%         2d4       100%        4
 Curse of Agony           Necr           0%         N/A       100%        5


Dungeon Overview and Level Annotations

Branches:
Dungeon (6/15)             Temple (1/1) D:4           Sewer (visited)

Altars:
Ashenzari
Cheibriados
Dithmenos
Elyvilon
Fedhas
Gozag
Kikubaaqudgha
Makhleb
Nemelex Xobeh
Okawaru
Ru
Sif Muna
Trog
Uskayaw
Vehumet
Wu Jian
Yredelemnul
Zin
The Shining One

Shops:
D:5 [:[(

Annotations:
D:3 1 runed translucent door, Crazy Yiuf


Innate Abilities, Weirdness & Mutations

You have a pair of horns on your head.
You reflexively headbutt those who attack you in melee.
You are agile. (Dex +4, Str/Int -1)
You are strong-willed. (Will+)
You are covered in fur. (AC +1)


Message History

The wight misses you. You furiously retaliate!
You headbutt the wight. You hit the wight but do no damage.
Your headbutt misses the wight.
The wight is severely damaged.
The wight hits you with a +4 long sword!
You feel drained.
You are too injured to fight recklessly!
You are too injured to fight recklessly!
You are too injured to fight recklessly!
You punch the wight!
You destroy the wight!
The Council accepts your kill.
You barely miss the wight.
The wight hits you with a +5 short sword.
You closely miss the wight.
The wight hits you with a +5 short sword!
You feel drained.
* * * LOW HITPOINT WARNING * * *
You barely miss the wight. You block the wight's attack.
You barely miss the wight.
The wight hits you with a +5 short sword.
* * * LOW HITPOINT WARNING * * *
You closely miss the wight. You headbutt the wight.
The wight is moderately damaged.
You punch the wight!
The wight is almost destroyed.
The wight barely misses you.
You closely miss the wight. Your headbutt misses the wight.
The wight is almost destroyed.
The wight hits you with a +5 short sword.
* * * LOW HITPOINT WARNING * * *
You barely miss the wight.
The wight is almost destroyed.
The wight hits you with a +5 short sword.
* * * LOW HITPOINT WARNING * * *
You feel drained.
* * * LOW HITPOINT WARNING * * *
You completely miss the wight.
The wight is almost destroyed.
The wight hits you with a +5 short sword.
You die...

### # ..# #####.
###.#
......######@#.#
#......[..z#..#
##.#.##.####.#.#
.........# #.#.#
#######z.# #.#.#
.zz...#.# #.#.#
░░░░+z#.# #.#.#
░.#.# #.#.#
░.#.# ....#


You could see a wight.

Vanquished Creatures
  Edmund (D:4)
  Duvessa (D:5)
  2 kobold brigands
  2 brain worms (Sewer)
  4 wights
  Dowan (D:5)
  A howler monkey (D:5)
  2 bombardier beetles (D:4)
  3 hounds (D:5)
  2 iguanas
  An orc wizard (D:4)
  4 gnolls (D:5)
  6 river rats (Sewer)
  8 adders
  4 ufetubi (D:5)
  4 dart slugs
  A ribbon worm (D:3)
  An orc (D:5)
  7 endoplasms
  5 giant cockroaches
  5 goblins
  6 hobgoblins
  10 jackals
  10 kobolds
  5 quokkas
  15 ball pythons
  2 bats
  11 frilled lizards
  6 rats
130 creatures vanquished.

Notes
Turn   | Place    | Note
-------+----------+-------------------------------------------
     0 | D:1      | Kenran the Minotaur Alchemist began the quest for the Orb.
     0 | D:1      | Reached XP level 1. HP: 14/14 MP: 1/1
    60 | D:1      | Reached skill level 1 in Unarmed Combat
   110 | D:1      | Reached XP level 2. HP: 20/20 MP: 3/3
   188 | D:1      | Reached skill level 2 in Unarmed Combat
   745 | D:1      | Reached skill level 3 in Unarmed Combat
   745 | D:1      | Reached XP level 3. HP: 26/26 MP: 4/4
  1228 | D:2      | Found a shimmering blue altar of Sif Muna.
  1336 | D:2      | Identified the +7 mace of the Eight Hells {drain, rC+}
  1427 | D:2      | Reached skill level 4 in Unarmed Combat
  1683 | D:2      | Reached XP level 4. HP: 33/33 MP: 5/5
  1774 | D:3      | Found a sparkling altar of Nemelex Xobeh.
  1838 | D:3      | Found a glowing drain.
  1883 | Sewer    | Entered a sewer
  1910 | Sewer    | HP: 1/49 [river rat (2)]
  2069 | Sewer    | Reached skill level 5 in Unarmed Combat
  2137 | Sewer    | Reached XP level 5. HP: 17/38 MP: 6/6
  2314 | Sewer    | Reached skill level 6 in Unarmed Combat
  2455 | Sewer    | Reached XP level 6. HP: 6/45 MP: 1/7
  2619 | Sewer    | Reached skill level 7 in Unarmed Combat
  3042 | D:3      | Found a runed translucent door.
  3043 | D:3      | Noticed Crazy Yiuf
  3178 | D:3      | Found a hide-covered altar of Uskayaw.
  3567 | D:4      | Found a staircase to the Ecumenical Temple.
  3578 | Temple   | Entered the Ecumenical Temple
  3595 | Temple   | Became a worshipper of the Wu Jian Council
  3835 | D:4      | Noticed Edmund
  3845 | D:4      | Killed Edmund
  3846 | D:4      | Reached skill level 8 in Unarmed Combat
  3846 | D:4      | Reached XP level 7. HP: 50/50 MP: 8/8
  4184 | D:5      | Entered Level 5 of the Dungeon
  4199 | D:5      | Reached skill level 9 in Unarmed Combat
  4228 | D:5      | Found Jusa's Antique Weapon Shop.
  4289 | D:5      | Found Icruran's Armour Boutique.
  4294 | D:5      | Bought a +0 buckler for 45 gold pieces
  4347 | D:5      | Reached * piety under Wu Jian
  4555 | D:5      | Found Byisoag's Book Boutique.
  4598 | D:5      | Noticed Duvessa
  4598 | D:5      | Noticed Dowan
  4614 | D:5      | Gained mutation: You are agile. (Dex +4, Str/Int -1)
                  | [potion of mutation]
  4614 | D:5      | Gained mutation: You are strong-willed. (Will+) [potion of
                  | mutation]
  4614 | D:5      | Gained mutation: You are covered in fur. (AC +1) [potion of
                  | mutation]
  4618 | D:5      | Killed Dowan
  4622 | D:5      | Killed Duvessa
  4623 | D:5      | Reached skill level 10 in Unarmed Combat
  4624 | D:5      | Reached skill level 1 in Fighting
  4624 | D:5      | Reached skill level 1 in Armour
  4624 | D:5      | Reached XP level 8. HP: 35/59 MP: 9/9
  4772 | D:5      | Found Jakaatadau's Armour Boutique.
  5256 | D:6      | Slain by a wight

Illustrated notes

Levels and vault maps discovered:
D:1:      dpeg_arrival_boxorama, layout_basic
D:2:      layout_rooms, basic_altar, grunt_ministairs_6
D:3:      layout_basic, nicolae_uskayaw_suspiria,
          nemelex_xobeh_ov_fountains_minmay,
          mainiacjoe_sewer_entry_somewhere_in_here_1, uniq_crazy_yiuf_cottage
D:4:      kennysheep_six_static_rooms, layout_rooms,
          minmay_temple_entry_nine_rooms, uniq_edmund
D:5:      layout_loops_ring, serial_shops, shop, nicolae_shop_rolling_square,
          nicolae_shop_temple_entry_statues_fountains, shop,
          blue_anna_alchemist, uniq_duvessa
D:6:      layout_loops_ring, nicolae_overflow_hidden_temple,
          chequers_serial_rivers_large_b, kennysheep_pointless_box, minivault_11
Temple:   kb_temple_of_zot

Skill      XL: |  1  2  3  4  5  6  7  8 |
---------------+-------------------------+-----
Unarmed Combat | 1 3 4 5 6 8 10 | 10.0
Fighting       | 1 3 |  3.3
Armour         | 1 3 |  3.3
Dodging        | |  2.1
Stealth        | |  1.5
Spellcasting   | |  1.3
Conjurations   | |  0.6
Alchemy        | |  2.1

Action                     |  1- 3 |  4- 6 |  7- 9 || total
---------------------------+-------+-------+-------++-------
  Melee: Unarmed           |    92 |   194 |   103 ||   389
         Headbutt          |    19 |    26 |    19 ||    64
         Punch             |     1 |     1 |     2 ||     4
Ability: Lunge             |       |       |     5 ||     5
    Use: Potion            |       |     4 |    10 ||    14
         Scroll            |       |       |     4 ||     4
   Stab: Sleeping          |     1 |       |       ||     1
 Armour: Robe              |    19 |       |       ||    19
         Ring mail         |    31 |   137 |     1 ||   169
         Scale mail        |       |       |    75 ||    75
  Dodge: Dodged            |    43 |    87 |    50 ||   180
  Block: Buckler           |       |       |    13 ||    13

Table legend: (Time is in decaauts)
 A = Elapsed time spent in this place.
 B = Non-inter-level travel time spent in this place.
 C = Inter-level travel time spent in this place.
 D = Time resting spent in this place.
 E = Time spent auto-exploring this place.
 F = Levels seen in this place.
 G = Mean time per level.
                   A        B        C        D        E       F      G
               +--------+--------+--------+--------+--------+-----+--------+
         Total |   5412 |   5174 |    238 |    914 |   3183 |   8 |  676.5 |
       Dungeon |   4132 |   3926 |    206 |    474 |   2642 |   6 |  688.7 |
        Temple |     34 |      2 |     32 |      0 |      0 |   1 |   34.0 |
         Sewer |   1245 |   1245 |      0 |    440 |    540 |   1 | 1245.0 |
               +--------+--------+--------+--------+--------+-----+--------+

Top non-repeatable levels by time:
   Sewer: 1245 daAuts
     D:1: 1158 daAuts
     D:5: 1016 daAuts
     D:4: 677 daAuts
     D:3: 670 daAuts
     D:2: 563 daAuts
     D:6: 46 daAuts
  Temple: 34 daAuts
